 Dungeon Crawl Stone Soup version 0.23.2-1-ga50397a6bc (webtiles) character file.

Game seed: 11792763120041499228

8631 Mrkan the Grappler (level 11, -5/113 HPs)
             Began as a Troll Monk on May 20, 2019.
             Was a High Priest of Ru.
             Slain by a white ugly thing (33 damage)
             ... on level 11 of the Dungeon.
             The game lasted 00:17:15 (8032 turns).

Mrkan the Grappler (Troll Monk)                     Turns: 8032, Time: 00:17:15

Health: -5/113     AC:  7    Str: 24    XL:     11   Next: 12%
Magic:  10/10      EV:  9    Int:  6    God:    Ru [*****.]
Gold:   684        SH:  0    Dex: 12    Spells: 10/10 levels left

rFire    . . .     SeeInvis .     - Unarmed
rCold    . . .     Gourm    +   (shield unavailable)
rNeg     . . .     Faith    .   a - +1 robe
rPois    .         Spirit   .   (helmet restricted)
rElec    .         Reflect  .   (no cloak)
rCorr    .         Harm     .   (gloves unavailable)
MR       .....                  (boots unavailable)
Stlth    ..........             (no amulet)
HPRegen  0.68/turn              (ring unavailable)
MPRegen  0.12/turn              (no ring)

@: heavily drained
A: large, unfitting armour, claws 3, fast metabolism 3, gourmand, regeneration
1, shaggy fur 1, tough skin 3, missing a hand, no stealth, inability to use
devices, hated by all
a: Draw Out Power, Power Leap, Apocalypse, Renounce Religion


You were on level 11 of the Dungeon.
You worshipped Ru.
Ru was extremely pleased with you.
You were hungry.

You visited 1 branch of the dungeon, and saw 11 of its levels.
You also visited: Sewer and Ossuary.

You collected 684 gold pieces.

Inventory:

Hand Weapons
 u - a +1 whip of electrocution
 D - a +0 scimitar of flaming
Missiles
 w - 6 tomahawks of returning (quivered)
 H - 7 javelins of returning
Armour
 a - a +1 robe (worn)
 A - a scarf of cloud immunity
Jewellery
 e - an uncursed amulet of the gourmand
 m - an uncursed ring of flight {unknown}
 o - an uncursed amulet of rage {unknown}
 v - an uncursed ring of resist corrosion {unknown}
 x - a +5 ring of dexterity {unknown}
 z - an uncursed ring of protection from magic {unknown}
 E - an uncursed ring of wizardry {unknown}
 F - an uncursed ring of protection from fire {unknown}
Scrolls
 c - 11 scrolls of identify
 d - 3 scrolls of remove curse
 f - 8 scrolls of teleportation
 i - a scroll of blinking
 p - a scroll of summoning {unknown}
 s - 2 scrolls of amnesia
 y - a scroll of noise {unknown}
 C - 2 scrolls of fog
 G - a scroll of fear {unknown}
Potions
 g - 3 potions of heal wounds {unknown}
 h - 9 potions of curing {unknown}
 j - a potion of magic {unknown}
 k - a potion of might {unknown}
 l - 2 potions of brilliance {unknown}
 n - 4 potions of degeneration {unknown}
 q - a potion of cancellation {unknown}
 r - 3 potions of berserk rage {unknown}
 t - 2 potions of haste {unknown}
 B - a potion of flight {unknown}
Comestibles
 b - 23 rations


   Skills:
 + Level 8.8(6.3) Fighting
 - Level 2.4(0.3) Dodging
 * Level 13.9(11.1) Unarmed Combat


You had 10 spell levels left.
You didn't know any spells.
Your spell library contained the following spells:

 Spells                   Type           Power        Failure   Level  Hunger
 Confusing Touch          Hex            #.....       45%         1    ##.....
 Corona                   Hex            #......      45%         1    ##.....
 Magic Dart               Conj           #...         45%         1    ##.....
 Sting                    Conj/Pois      #...         45%         1    ##.....
 Ensorcelled Hibernation  Hex/Ice        #.....       58%         2    ###....
 Poisonous Vapours        Pois/Air       #.....       58%         2    ###....
 Searing Ray              Conj           #.....       58%         2    ###....
 Confuse                  Hex            #.......     83%         3    ####...
 Dazzling Spray           Conj/Hex       #.....       83%         3    ####...
 Gell's Gravitas          Tloc           #.........   83%         3    ####...
 Mephitic Cloud           Conj/Pois/Air  #.......     83%         3    ####...
 Tukima's Dance           Hex            #.......     83%         3    ####...
 Force Lance              Conj/Tloc      #.......     99%         4    #####..
 Fulminant Prism          Conj/Hex       #.........   99%         4    #####..
 Iskenderun's Mystic Bla  Conj           #.......     99%         4    #####..
 Olgreb's Toxic Radiance  Pois           #.......     99%         4    #####..
 Petrify                  Tmut/Erth      #.......     99%         4    #####..
 Metabolic Englaciation   Hex/Ice        #.........   100%        5    ######.
 Venom Bolt               Conj/Pois      #.........   100%        5    ######.
 Yara's Violent Unravell  Hex/Tmut       #.........   100%        5    ######.


Dungeon Overview and Level Annotations

Branches:
Dungeon (11/15)            Temple (0/1) D:6            Lair (0/6) D:8
    Orc (0/2) D:9

Altars:
Ashenzari
Cheibriados
Elyvilon
Fedhas
Gozag
Hepliaklqana
Kikubaaqudgha
Nemelex Xobeh
Ru
Trog
Vehumet
Wu Jian
Xom
Yredelemnul
Zin

Shops:
D:7 *[[*   D:10 %


Innate Abilities, Weirdness & Mutations

You are too large for most types of armour.
You have claws for hands.
Your metabolism is lightning-fast.
You like to eat raw meat.
Your natural rate of healing is unusually fast.
You are covered in fur. (AC +1)
You have extremely tough skin. (AC +3)
You are missing a hand.
You cannot be stealthy.
You cannot study or use magical devices.
You are hated by all.


Message History

The white ugly thing is moderately wounded.
The white ugly thing barely misses you.
You claw the white ugly thing!
The white ugly thing is heavily wounded.
The orc closely misses you. The white ugly thing gores you!
The white ugly thing freezes you!
You claw the white ugly thing!
The white ugly thing is severely wounded.
The orc hits you but does no damage.
You claw the white ugly thing!
The white ugly thing is almost dead.
The white ugly thing gores you! The white ugly thing freezes you!!
* * * LOW HITPOINT WARNING * * *
You focus your will and slow the white ugly thing in retribution!
You scratch the white ugly thing.
The white ugly thing is almost dead.
The orc hits you but does no damage. The white ugly thing gores you.
* * * LOW HITPOINT WARNING * * *
The white ugly thing freezes you!!
You die...

#...... ##.......
##........ ####
#......... ..##...##
#......... #.......#
##.........
#......###o.........
###.......#.u#........
##..........@##........
............###........
?.:......[..# ##...^...
#.......<[.# .......
#..........## #......
#.....[.[...# .....
#....[......#
#...........#
#..........##


You could see a white ugly thing and an orc.

Vanquished Creatures
  A two-headed ogre (D:8)
  Erica (D:9)
  Pikel (D:7)
  An elephant (D:7)
  2 hippogriffs
  Sigmund (D:5)
  A shadow (D:11)
  A hungry ghost (D:10)
  Grum (D:9)
  2 water moccasins
  4 orc warriors
  8 ice beasts
  A sky beast (D:5)
  A slave (D:7)
  A phantom (D:9)
  5 ogres
  2 wolves (D:9)
  2 centaurs
  3 crocodiles
  An elf zombie (Ossuary)
  9 bullfrogs
  A water moccasin zombie (D:10)
  2 scorpions
  6 killer bees (D:8)
  8 howler monkeys
  10 wights
  3 crimson imps
  A hound (D:7)
  4 centaur zombies (Ossuary)
  2 human zombies (Ossuary)
  4 orc priests
  Crazy Yiuf (D:6)
  Natasha (thrice) (D:2)
  3 bullfrog skeletons
  An iguana (D:10)
  11 orc wizards
  4 worker ants
  Terence (D:2)
  A hound zombie (Ossuary)
  3 mummies (Ossuary)
  2 worker ant zombies (D:9)
  9 gnolls
  2 howler monkey skeletons
  7 adders
  A river rat (D:5)
  An ooze (D:1)
  3 adder zombies (Ossuary)
  2 adder skeletons (D:4)
  2 worms
  2 dart slugs (D:1)
  4 leopard geckos
  29 orcs
  2 ball pythons (D:5)
  2 bat zombies (D:5)
  8 giant cockroaches
  14 goblins
  9 hobgoblins
  11 jackals
  4 quokkas
  9 bats
  5 frilled lizards
  2 gnoll zombies (Ossuary)
  2 goblin zombies (Ossuary)
  2 hobgoblin zombies (Ossuary)
  A jackal skeleton (D:6)
  4 jackal zombies (Ossuary)
  3 kobolds
  4 kobold zombies (Ossuary)
  A leopard gecko skeleton (D:8)
  2 orc zombies (Ossuary)
  A quokka skeleton (D:8)
  6 quokka zombies
  7 rats
  3 rat zombies
284 creatures vanquished.

Vanquished Creatures (others)
  2 orcs (D:9)
2 creatures vanquished.

Grand Total: 286 creatures vanquished

Notes
Turn   | Place    | Note
-------+----------+-------------------------------------------
     0 | D:1      | Mrkan the Troll Monk began the quest for the Orb.
     0 | D:1      | Reached XP level 1. HP: 22/22 MP: 0/0
   110 | D:1      | Reached XP level 2. HP: 27/29 MP: 1/1
   553 | D:1      | Reached XP level 3. HP: 36/36 MP: 2/2
   698 | D:2      | Reached skill level 4 in Unarmed Combat
   791 | D:2      | Noticed Terence
   795 | D:2      | Noticed Natasha
   810 | D:2      | Killed Natasha
   810 | D:2      | Reached XP level 4. HP: 44/45 MP: 3/3
   813 | D:2      | Killed Terence
   904 | D:2      | Found a faded altar of an unknown god.
   943 | D:2      | Noticed Natasha
   950 | D:2      | Killed Natasha
  1032 | D:2      | Found an opulent altar of Gozag.
  1135 | D:2      | Noticed Natasha
  1146 | D:2      | Killed Natasha
  1146 | D:2      | Reached skill level 5 in Unarmed Combat
  1146 | D:2      | Reached XP level 5. HP: 16/53 MP: 4/4
  1725 | D:2      | Found a snail-covered altar of Cheibriados.
  1727 | D:2      | Found a stormy altar of Qazlal.
  1727 | D:2      | Found a bloodstained altar of Trog.
  1729 | D:2      | Found an ornate altar of the Wu Jian Council.
  1729 | D:2      | Found a shimmering altar of Xom.
  1729 | D:2      | Found a shimmering altar of Xom.
  1952 | D:3      | Found a white marble altar of Elyvilon.
  2165 | D:3      | Found a sacrificial altar of Ru.
  2188 | D:3      | Became a worshipper of Ru the Awakened
  2193 | D:3      | Gained mutation: You cannot study or use magical devices.
                  | [Ru sacrifice]
  2193 | D:3      | Reached * piety under Ru
  2193 | D:3      | Reached ** piety under Ru
  2565 | D:4      | Reached XP level 6. HP: 62/62 MP: 5/5
  2699 | D:4      | Reached skill level 6 in Unarmed Combat
  2711 | D:4      | Found a radiant altar of Vehumet.
  2807 | D:4      | Got a scintillating pewter ring
  3277 | D:5      | Entered Level 5 of the Dungeon
  3279 | D:5      | Identified the cursed ring of Diarchim {rF+ AC-3} (You
                  | found it on level 4 of the Dungeon)
  3423 | D:5      | Reached skill level 7 in Unarmed Combat
  3423 | D:5      | Reached XP level 7. HP: 46/71 MP: 6/6
  3600 | D:5      | Found an ancient bone altar of Kikubaaqudgha.
  3648 | D:5      | Found a glowing drain.
  3675 | Sewer    | Entered a sewer
  3681 | Sewer    | Gained mutation: You cannot be stealthy. [Ru sacrifice]
  3681 | Sewer    | Reached *** piety under Ru
  3712 | Sewer    | Reached skill level 5 in Fighting
  3712 | Sewer    | Reached skill level 8 in Unarmed Combat
  3886 | D:5      | Noticed Sigmund
  3893 | D:5      | Killed Sigmund
  3893 | D:5      | Reached XP level 8. HP: 80/80 MP: 7/7
  4088 | D:6      | Reached skill level 9 in Unarmed Combat
  4250 | D:6      | Found a glowing silver altar of Zin.
  4277 | D:6      | Found an ornate altar of the Wu Jian Council.
  4366 | D:6      | Reached skill level 10 in Unarmed Combat
  4439 | D:6      | Reached XP level 9. HP: 89/89 MP: 8/8
  4486 | D:6      | Found a staircase to the Ecumenical Temple.
  4571 | D:6      | Found a runed translucent door.
  4572 | D:6      | Noticed Crazy Yiuf
  4931 | D:6      | Killed Crazy Yiuf
  5005 | D:7      | Found a sand-covered staircase.
  5057 | Ossuary  | Entered an ossuary
  5179 | Ossuary  | Reached skill level 11 in Unarmed Combat
  5240 | Ossuary  | Gained mutation: You are missing a hand. [Ru sacrifice]
  5240 | Ossuary  | Reached **** piety under Ru
  5240 | Ossuary  | Reached ***** piety under Ru
  5502 | D:7      | Noticed Pikel
  5516 | D:7      | Killed Pikel
  5657 | D:7      | Found a blossoming altar of Fedhas.
  5657 | D:7      | Found a basalt altar of Yredelemnul.
  5732 | D:7      | Found Veewkid's Armour Boutique.
  5736 | D:7      | Found Plog's General Store.
  5738 | D:7      | Found Wemut's Armour Boutique.
  5742 | D:7      | Found Zuaxiwn's Assorted Antiques.
  6007 | D:8      | Noticed an elephant
  6041 | D:7      | Killed an elephant
  6114 | D:8      | Reached XP level 10. HP: 99/102 MP: 9/9
  6129 | D:8      | Reached skill level 12 in Unarmed Combat
  6203 | D:8      | Noticed a two-headed ogre
  6213 | D:8      | Killed a two-headed ogre
  6270 | D:8      | Found a hazy altar of Hepliaklqana.
  6372 | D:8      | Found a staircase to the Lair.
  6409 | D:8      | Found a sparkling altar of Nemelex Xobeh.
  6710 | D:9      | Found a snail-covered altar of Cheibriados.
  6815 | D:9      | Noticed Grum
  6829 | D:9      | Killed Grum
  6893 | D:9      | Reached skill level 13 in Unarmed Combat
  6934 | D:9      | Found a staircase to the Orcish Mines.
  7042 | D:9      | Found a shattered altar of Ashenzari.
  7152 | D:9      | Found a bloodstained altar of Trog.
  7162 | D:9      | Gained mutation: You are hated by all. [Ru sacrifice]
  7208 | D:9      | Noticed Erica
  7220 | D:9      | Killed Erica
  7314 | D:10     | Entered Level 10 of the Dungeon
  7507 | D:10     | Reached XP level 11. HP: 93/113 MP: 10/10
  7553 | D:10     | Found Iding's Food Emporium.
  8023 | D:11     | Noticed a white ugly thing
  8032 | D:11     | Slain by a white ugly thing

Skill      XL: |  1  2  3  4  5  6  7  8  9 10 |
---------------+-------------------------------+-----
Unarmed Combat | 4 5 7 8 10 11 13 | 13.9
Fighting       | 3 4 5 6 7 8 |  8.8
Stealth        | 0 |  0.0
Dodging        | |  2.4

Action                   |  1- 3 |  4- 6 |  7- 9 | 10-12 || total
-------------------------+-------+-------+-------+-------++-------
Melee: Unarmed           |    94 |   169 |   302 |   220 ||   785
       Punch             |     1 |     3 |    12 |       ||    16
Invok: Sacrifice Artific |       |     1 |       |       ||     1
       Sacrifice Stealth |       |       |     1 |       ||     1
       Draw Out Power    |       |       |     1 |     1 ||     2
       Sacrifice a Hand  |       |       |     1 |       ||     1
       Power Leap        |       |       |       |     1 ||     1
       Apocalypse        |       |       |       |     1 ||     1
       Sacrifice Love    |       |       |       |     1 ||     1
  Use: Scroll            |       |    10 |     2 |       ||    12
 Stab: Sleeping          |       |     3 |       |       ||     3
       Distracted        |       |       |     1 |       ||     1
       Invisible         |       |       |     3 |     5 ||     8
       Paralysed         |       |       |     1 |     5 ||     6
  Eat: Chunk             |     6 |    20 |    21 |    13 ||    60
       Ration            |       |     1 |     1 |     2 ||     4
Armor: Robe              |    37 |    64 |   110 |    50 ||   261
Dodge: Dodged            |    40 |    68 |   147 |    87 ||   342
